 Dungeon Crawl Stone Soup version 0.17.0 (webtiles) character file.

408 Eucla the Slasher (level 6, 0/42 HPs)
             Began as an Octopode Fighter on Nov 21, 2015.
             Was a Believer of Dithmenos.
             Slain by a jackal zombie (2 damage)
             ... in an ossuary.
             The game lasted 00:08:02 (3685 turns).

Eucla the Slasher (Octopode Fighter)                Turns: 3685, Time: 00:08:03

Health: 0/42       AC:  1    Str: 15    XL:     6   Next: 88%
Magic:  0/6        EV: 10    Int: 11    God:    Dithmenos [**....]
Gold:   188        SH:  8    Dex: 13    Spells: 2 memorised, 1 level left

rFire  + . .     SeeInvis .     a - +2 long sword
rCold  . . .     Clarity  .     b - +0 shield
rNeg   . . .     SustAt   .     (helmet restricted)
rPois  .         Gourm    .     m - amulet of guardian spirit
rElec  .         Spirit   +     t - ring of protection from fire
rCorr  .         Warding  .     (no ring)
rMut   .         Stasis   .     (no ring)
MR     .....                    (no ring)
Stlth  +++.......               (no ring)
                                (no ring)
                                (no ring)
                                (no ring)

@: wreathed by umbra, not resistant to hostile enchantments, fairly stealthy
A: almost no armour, amphibious, 8 rings, constrict 8, camouflage 1, gelatinous
body 1
a: Shadow Step, Renounce Religion


You were in an ossuary.
You worshipped Dithmenos.
Dithmenos was pleased with you.
You were not hungry.

You visited 1 branch of the dungeon, and saw 5 of its levels.
You also visited: Ossuary.

You collected 188 gold pieces.

Inventory:

Hand Weapons
 a - a +2 long sword (weapon)
 c - a +0 blowgun
 k - a +0 short sword of flaming
Missiles
 r - 24 poisoned needles
 u - 9 tomahawks (quivered)
 y - 7 needles of slowing
Armour
 b - a +0 shield (worn)
Jewellery
 m - an amulet of guardian spirit (around mantle)
 t - a ring of protection from fire (left tentacle)
Wands
 x - a wand of digging (15)
 z - a wand of lightning (0)
Scrolls
 f - 3 scrolls of fear
 h - 2 scrolls of remove curse
 n - a scroll of identify
Potions
 i - 2 potions of brilliance
 j - 4 potions of flight
 w - 2 potions of poison
Books
 v - a book of Power

   Spells                             Type                      Level
   a - Fulminant Prism                Conjuration/Hexes            4
   b - Iskenderun's Mystic Blast      Conjuration                  4
   c - Venom Bolt                     Conjuration/Poison           5
   d - Bolt of Magma                  Conjuration/Fire/Earth       5
   e - Iron Shot                      Conjuration/Earth            6
   f - Orb of Destruction             Conjuration                  7
   g - Spellforged Servitor           Conjuration/Summoning        7
 A - a book of Air

   Spells                             Type                      Level
   a - Shock                          Conjuration/Air              1
   b - Swiftness                      Charms/Air                   2
   c - Repel Missiles                 Charms/Air                   2
   d - Static Discharge               Conjuration/Air              3
   e - Lightning Bolt                 Conjuration/Air              5
Comestibles
 d - 4 bread rations
 l - 2 meat rations


   Skills:
 - Level 3.0 Fighting
 + Level 7.1 Long Blades
 - Level 3.0 Dodging
 - Level 3.0 Shields


You had one spell level left.
You knew the following spells:

 Your Spells              Type           Power        Failure   Level  Hunger
a - Repel Missiles        Chrm/Air       #.....       99%         2    ###....
b - Swiftness             Chrm/Air       #.......     99%         2    ###....


Dungeon Overview and Level Annotations

Branches:
Dungeon (5/15)
 Temple: D:4-7

Altars:
Dithmenos
Gozag
Makhleb
Nemelex Xobeh
Okawaru
Qazlal
Sif Muna
Trog
Vehumet
Zin
The Shining One

Annotations:
Ossuary Monkaria's ghost, novice DDAK


Innate Abilities, Weirdness & Mutations

You cannot wear most types of armour.
You are amphibious.
You can wear up to eight rings at the same time.
You can use your tentacles to constrict eight enemies at once.
Your skin changes colour to match your surroundings (Stealth).
Your rubbery body absorbs attacks (AC +1).


Message History

The centaur zombie closely misses you.
Unknown command.
You barely miss the centaur zombie. You squeeze the centaur zombie.
You destroy the centaur zombie!
Dithmenos accepts your kill. The centaur zombie hits you.
* * * LOW HITPOINT WARNING * * *
The centaur zombie hits you.
* * * LOW HITPOINT WARNING * * *
Unknown command.
Read which item? (? for menu, Esc to quit)
Okay, then.
You barely miss the jackal zombie. Your grab misses the jackal zombie.
The jackal zombie closely misses you. The centaur zombie barely misses you.
The jackal zombie closely misses you.
Unknown command.
Your shield prevents you from hitting the centaur zombie.
You squeeze the centaur zombie! The centaur zombie misses you.
The jackal zombie bites you.
You die...

...Z####...#
######
∩.Z...#...#
#Z?..#
ZZ..Z#...#
#.#W.#
....#.Z.#
#.####
MZ.#...# #..
..#Z..# #.#
####.# #Z#
#.Z#.# #.Z
#@ZZ.# ###
######


You could see a jackal zombie, a centaur zombie and a human zombie.

Vanquished Creatures
  A centaur zombie (Ossuary)
  An orc priest (D:4)
  A hound (D:4)
  A centaur skeleton (D:4)
  A worker ant (D:4)
  Jessica (D:2)
  Natasha (thrice) (D:2)
  An orc wizard (D:3)
  A big kobold zombie (Ossuary)
  4 adders
  An ooze (D:3)
  2 adder skeletons (D:4)
  An adder zombie (D:1)
  3 worms
  18 orcs
  A ball python (D:2)
  6 bats
  4 giant cockroaches
  5 goblins
  3 hobgoblins
  4 jackals
  4 giant geckos
  4 giant newts
  5 hobgoblin zombies (Ossuary)
  A jackal zombie (Ossuary)
  9 kobolds
  A kobold zombie (Ossuary)
  4 orc zombies (Ossuary)
  A quokka (D:2)
  A quokka zombie (D:1)
  8 rats
  A rat zombie (Ossuary)
102 creatures vanquished.

Notes
Turn   | Place    | Note
--------------------------------------------------------------
     0 | D:1      | Eucla the Octopode Fighter began the quest for the Orb.
     0 | D:1      | Reached XP level 1. HP: 16/16 MP: 1/1
    81 | D:1      | Reached XP level 2. HP: 21/21 MP: 2/2
   895 | D:1      | Reached XP level 3. HP: 26/26 MP: 3/3
  1197 | D:2      | Noticed Natasha
  1202 | D:2      | Killed Natasha
  1202 | D:2      | Reached skill level 4 in Long Blades
  1259 | D:2      | Noticed Jessica
  1265 | D:2      | Killed Jessica
  1265 | D:2      | Reached XP level 4. HP: 4/31 MP: 0/4
  1579 | D:2      | Found an opulent altar of Gozag.
  1580 | D:2      | Found a glowing silver altar of Zin.
  1581 | D:2      | Found an iron altar of Okawaru.
  1581 | D:2      | Found a shadowy altar of Dithmenos.
  1581 | D:2      | Found a burning altar of Makhleb.
  1581 | D:2      | Found a bloodstained altar of Trog.
  1585 | D:2      | Found a stormy altar of Qazlal.
  1586 | D:2      | Found a glowing golden altar of the Shining One.
  1587 | D:2      | Found a radiant altar of Vehumet.
  1588 | D:2      | Found a sparkling altar of Nemelex Xobeh.
  1592 | D:2      | Became a worshipper of Dithmenos the Shadowed
  1628 | D:2      | Noticed Natasha
  1631 | D:2      | Killed Natasha
  1732 | D:2      | Noticed Natasha
  1738 | D:2      | Killed Natasha
  1746 | D:2      | Found a faded altar to an unknown god.
  1854 | D:3      | Reached skill level 5 in Long Blades
  1875 | D:3      | Reached XP level 5. HP: 36/36 MP: 3/5
  2205 | D:3      | Reached * piety under Dithmenos
  2803 | D:4      | Reached skill level 6 in Long Blades
  2803 | D:4      | Reached XP level 6. HP: 40/42 MP: 6/6
  3022 | D:4      | Found a deep blue altar of Sif Muna.
  3204 | D:4      | Learned a level 2 spell: Repel Missiles
  3207 | D:4      | Learned a level 2 spell: Swiftness
  3396 | D:5      | Entered Level 5 of the Dungeon
  3414 | D:5      | Found a sand-covered staircase.
  3420 | Ossuary  | Entered an ossuary
  3420 | Ossuary  | Noticed Monkaria's ghost (novice DDAK)
  3443 | Ossuary  | Reached ** piety under Dithmenos
  3610 | Ossuary  | Reached skill level 7 in Long Blades
  3683 | Ossuary  | HP: 2/42 [centaur zombie (2)]
  3685 | Ossuary  | Slain by a jackal zombie

Action                   |  1- 3 |  4- 6 || total
-------------------------+-------+-------++-------
Melee: Long sword        |    51 |   165 ||   216
Evoke: Wand              |       |     3 ||     3
  Use: Potion            |       |     5 ||     5
       Scroll            |       |    10 ||    10
 Stab: Sleeping          |     8 |     9 ||    17
  Eat: Chunk             |     1 |     7 ||     8
       Fruit             |       |     1 ||     1
       Beef jerky        |       |     1 ||     1
